Map: New Repugnancy LE

Players

Boban - Winner!

  • Race: Terran Terran
  • League: Diamond
  • Spawn Location: 1:00

BlackHound

  • Race: Zerg Zerg
  • League: Diamond
  • Spawn Location: 7:00

VOD

Have the link to the VOD?

Description

cyclon bs

Time

  • Played on: May 26, 2019, 12:07 a.m.
  • Length: 27:42
Show
View Real Time Build Order
Export as new Build Order

Boban Terran - Winner!

Build Orders: Gas First Reaper Expand 

Get SALT Encoding   

  12  0:00  SCV  
  13  0:13  SCV  
  14  0:17  Supply Depot  
  14  0:25  SCV  
  14  0:28  Refinery  
  15  0:39  SCV  
  16  0:45  Barracks  
  16  0:51  SCV  
  17  1:03  SCV  
  18  1:15  SCV  
  19  1:32  Orbital Command  
  19  1:33  Reaper  
  20  1:51  Command Center  
  20  1:58  SCV  
  21  2:05  Factory  
  21  2:11  Barracks Reactor  
  21  2:18  Supply Depot  
  21  2:20  SCV  
  22  2:32  SCV  
  23  2:38  Refinery  
  23  2:58  Starport, SCV  
  24  3:11  Hellion x2  
  28  3:16  Marine  
  28  3:17  SCV  
  30  3:31  Orbital Command  
  30  3:32  SCV  
  31  3:35  Hellion x2  
  31  3:38  Marine  
  31  3:39  Starport Tech Lab  
  36  3:44  SCV, Fusion Core  
  37  3:56  SCV  
  38  4:07  SCV  
  38  4:08  SCV  
  40  4:12  Supply Depot  
  40  4:27  SCV  
  40  4:28  SCV  
  42  4:34  Battlecruiser  
  42  4:37  Supply Depot  
  48  4:40  SCV  
  48  4:42  SCV, Command Center  
  50  4:52  SCV  
  51  4:56  Weapon Refit  
  51  4:57  SCV  
  51  4:59  Refinery x2  
  51  5:00  Barracks Tech Lab  
  51  5:04  SCV  
  51  5:06  Supply Depot  
  52  5:09  SCV, Supply Depot  
  52  5:24  SCV x2  
  53  5:36  SCV x2  
  55  5:58  SCV x2  
  55  6:01  Hellion x2  
  55  6:04  Factory, Battlecruiser  
  67  6:05  Factory  
  67  6:10  Orbital Command  
  67  6:34  SCV x2  
  67  6:36  Orbital Command  
  69  6:50  Armory  
  69  6:51  Armory, Factory Tech Lab  
  69  6:52  Barracks Tech Lab, SCV  
  69  6:53  SCV  
  71  6:58  Hellion x2  
  75  7:06  Cyclone, Refinery  
  78  7:09  Refinery  
  78  7:10  Cyclone  
  81  7:53  SCV x2  
  81  7:55  Cyclone x2  
  81  7:56  Hellion x2  
  81  7:57  Terran Vehicle Weapons Level 1  
  93  8:00  Terran Vehicle And Ship Armor Level 1  
  93  8:16  Supply Depot  
  93  8:17  Supply Depot x2  
  93  8:19  Engineering Bay  
  93  8:26  Factory x2  
  93  8:36  Supply Depot  
  93  8:37  Cyclone, SCV x3  
  93  8:38  Hellion, Cyclone, Raven  
  93  8:39  Hellion  
  108  8:49  Supply Depot  
  108  8:50  SCV x3  
  108  8:52  Supply Depot  
  111  8:56  Sensor Tower  
  111  9:01  Missile Turret  
  111  9:02  Missile Turret x3, SCV x2  
  113  9:04  Missile Turret  
  113  9:06  Missile Turret  
  113  9:41  SCV x2  
  113  9:43  Missile Turret  
  115  9:46  SCV  
  116  9:53  SCV, Supply Depot  
  116  9:54  Supply Depot x2  
  116  9:56  Supply Depot  
  116  9:57  Supply Depot  
  116  9:58  Command Center  
  117  10:05  Cyclone x2  
  117  10:06  Hellion x2, Factory Reactor, Factory Tech Lab  
  127  10:24  Mag-Field Accelerator, Infernal Pre-Igniter  
  127  10:35  Hellion x2  
  131  10:36  Cyclone  
  134  10:49  Hellion x2, Cyclone x2  
  144  10:52  Battlecruiser  
  144  10:53  SCV x2  
  144  10:55  Hi-Sec Auto Tracking  
  152  11:21  Hellion x4  
  152  11:22  Cyclone x3  
  167  11:52  Neosteel Armor  
  152  12:00  Hellion x3, Siege Tank  
  161  12:01  Cyclone x2  
  133  12:21  Hellion x3  
  115  12:32  Siege Tank  
  112  12:48  Hellion  
  112  12:49  Hellion x3, Cyclone x2  
  126  12:55  Battlecruiser  
  126  12:56  Factory  
  126  12:57  Factory  
  132  13:02  Terran Vehicle Weapons Level 2  
  132  13:03  Terran Vehicle And Ship Armor Level 2  
  132  13:04  Cyclone  
  132  13:05  Advanced Ballistics  
  135  13:10  Starport  
  135  13:12  Starport  
  135  13:26  Hellion x3  
  135  13:27  Hellion, Cyclone x2  
  146  13:32  Missile Turret  
  146  13:33  Refinery  
  149  13:34  Refinery  
  149  13:37  Missile Turret  
  149  13:39  Missile Turret  
  149  13:40  Planetary Fortress  
  149  13:43  SCV  
  149  13:44  SCV x2  
  152  13:50  Starport Reactor  
  152  13:53  Cyclone  
  152  13:55  Hellion x3  
  161  13:56  Starport Reactor  
  161  14:00  Sensor Tower  
  161  14:13  SCV  
  162  14:18  Command Center  
  162  14:31  Hellion x2  
  162  14:32  Hellion x2, Cyclone x3  
  162  14:36  Liberator x2  
  162  14:37  Liberator x2  
  177  14:51  Raven  
  176  15:45  Liberator x3  
  173  16:00  Hellion x4, Cyclone x2  
  173  16:01  Cyclone  
  190  16:16  Supply Depot  
  190  16:17  Supply Depot  
  189  16:42  Refinery  
  189  16:43  Missile Turret  
  189  16:44  Missile Turret  
  189  16:45  Refinery, Missile Turret  
  189  16:46  Sensor Tower  
  189  16:48  Supply Depot  
  189  16:50  Planetary Fortress  
  123  17:23  Liberator x4  
  106  17:33  Hellion x2  
  106  17:34  Hellion x2, Cyclone x3  
  120  17:38  SCV x2  
  120  17:39  SCV x2  
  120  17:41  Battlecruiser  
  139  17:48  Factory x2  
  136  18:09  Hellion x2  
  136  18:10  Hellion x2, Cyclone x3  
  144  18:36  Missile Turret  
  144  18:38  Hellion  
  144  18:39  Hellion x3  
  152  18:42  Factory Tech Lab x2  
  152  18:45  Banshee  
  155  19:11  Hellion x3  
  155  19:12  Hellion x2  
  155  19:13  Cyclone x4  
  177  19:22  Command Center  
  177  19:25  Command Center  
  177  19:33  Cyclone  
  180  19:48  Hellion  
  180  19:49  Hellion x3, Cyclone x2  
  180  19:50  Cyclone x2  
  193  20:18  Orbital Command  
  191  20:34  Liberator  
  191  20:35  Liberator x3  
  176  20:48  Hellion x2  
  176  20:49  Hellion x2, Cyclone x5  
  134  20:52  Battlecruiser  
  130  21:05  Factory Tech Lab x2  
  127  21:14  Terran Vehicle And Ship Armor Level 3  
  127  21:15  Terran Vehicle Weapons Level 3  
  127  21:17  SCV x3  
  130  21:34  Missile Turret  
  130  21:37  Hellion x3, Missile Turret, Refinery  
  130  21:38  Hellion, Cyclone x2, Refinery, Sensor Tower  
  130  21:39  Missile Turret  
  144  21:40  Missile Turret  
  144  21:42  Viking x2  
  148  22:01  Planetary Fortress  
  148  22:19  Planetary Fortress  
  88  22:42  Hellion x4, Cyclone  
  88  22:43  Hellion, Cyclone x5  
  113  23:18  SCV x3  
  116  23:25  Hellion  
  116  23:26  Hellion x3, Cyclone x4  
  116  23:27  Cyclone  
  137  23:35  Hellion  
  137  23:36  Hellion  
  137  23:40  Viking x2  
  145  23:47  Hellion x4  
  153  23:57  Hellion x2  
  153  23:58  Hellion  
  149  24:14  Hellion x3  
  149  24:15  Hellion, Cyclone  
  149  24:16  Cyclone x3  
  169  24:18  Cyclone  
  172  24:28  Cyclone x2  
  170  25:01  Hellion  
  170  25:02  Hellion x3, Cyclone x5  
  170  25:03  Cyclone  
  169  25:37  Hellion x3  
  169  25:38  Hellion x2, Cyclone x6  
  189  26:01  Liberator  
  189  26:04  Hellion x4  
  194  26:34  Liberator x2  
  194  26:38  Hellion  
  194  26:39  Hellion x3  
Show
View Real Time Build Order
Export as new Build Order

BlackHound Zerg 

Build Orders: Pool First, Lurkers 

Get SALT Encoding   

  12  0:00  Drone  
  13  0:13  Overlord  
  13  0:23  Drone  
  14  0:37  Drone x3  
  17  0:51  Spawning Pool, Extractor  
  17  0:52  Drone  
  16  1:13  Hatchery  
  15  1:21  Drone  
  16  1:38  Zergling x6  
  19  1:44  Queen  
  21  1:49  Overlord  
  21  2:03  Drone  
  22  2:11  Metabolic Boost  
  22  2:19  Drone  
  22  2:22  Queen  
  25  2:24  Queen  
  26  2:33  Drone x2  
  28  2:38  Drone x2  
  29  2:56  Drone  
  30  3:03  Drone  
  30  3:07  Hatchery  
  30  3:09  Drone x2  
  31  3:21  Overlord  
  31  3:31  Zergling x6  
  31  3:32  Zergling x2  
  35  3:34  Drone  
  36  3:42  Drone x5  
  36  3:43  Drone  
  42  3:53  Drone  
  43  4:01  Roach Warren  
  42  4:04  Overlord x2  
  42  4:13  Overlord  
  42  4:18  Spore Crawler  
  42  4:21  Drone  
  42  4:22  Spore Crawler, Drone  
  38  4:24  Queen  
  40  4:34  Zergling x14  
  47  4:39  Drone  
  47  4:41  Drone  
  47  4:42  Drone x2  
  51  4:47  Lair  
  51  5:01  Drone  
  51  5:02  Drone x6  
  51  5:04  Spore Crawler  
  57  5:12  Drone, Extractor  
  57  5:13  Drone x3  
  60  5:14  Drone  
  60  5:15  Drone x2  
  61  5:22  Drone x3  
  61  5:28  Drone x3  
  66  5:32  Overlord x2  
  65  5:48  Extractor  
  65  5:49  Extractor  
  62  5:58  Extractor  
  62  5:59  Extractor  
  62  6:00  Spire, Queen x3  
  65  6:04  Spore Crawler  
  65  6:05  Spore Crawler  
  65  6:06  Spore Crawler x2  
  60  6:19  Roach x3  
  60  6:21  Drone x4  
  66  6:34  Overlord x4  
  66  6:36  Pneumatized Carapace  
  66  6:37  Burrow  
  66  6:42  Overseer, Baneling Nest  
  65  6:53  Drone x2  
  65  6:54  Drone x7  
  74  7:03  Drone x3  
  74  7:06  Drone  
  74  7:07  Drone  
  74  7:08  Drone  
  80  7:20  Zerg Flyer Weapons Level 1, Baneling Nest  
  79  7:29  Corruptor  
  77  7:30  Corruptor x4  
  80  7:52  Corruptor x3  
  80  7:55  Drone x2  
  88  8:01  Extractor  
  87  8:11  Drone  
  87  8:12  Overlord, Drone x2  
  90  8:13  Overlord x4  
  90  8:17  Overlord x2  
  90  8:25  Overlord x2  
  90  8:26  Overlord  
  90  8:29  Hatchery  
  90  8:33  Corruptor x3  
  95  8:40  Drone  
  95  8:41  Drone x2  
  98  8:42  Drone  
  98  8:48  Corruptor x3  
  99  8:50  Corruptor  
  107  8:57  Drone x2, Hatchery  
  107  8:59  Evolution Chamber  
  107  9:00  Evolution Chamber  
  106  9:21  Zergling x2  
  106  9:22  Zergling x24  
  111  9:32  Zerg Ground Armor Level 1  
  111  9:34  Zerg Flyer Weapons Level 2  
  107  9:42  Hydralisk Den  
  107  9:44  Zerg Missile Weapons Level 1  
  106  9:46  Roach  
  106  9:47  Roach x7  
  106  9:49  Baneling  
  106  9:50  Baneling x12  
  106  9:52  Drone x3  
  125  10:00  Queen  
  125  10:01  Drone x3  
  125  10:02  Drone x3  
  133  10:10  Centrifical Hooks  
  131  10:18  Hydralisk x4  
  141  10:30  Infestation Pit  
  141  10:32  Zergling x18  
  144  10:45  Hydralisk x8  
  160  10:54  Lurker Den  
  159  11:03  Glial Reconstitution  
  156  11:04  Hydralisk x2  
  156  11:11  Grooved Spines  
  151  11:19  Extractor  
  151  11:20  Drone x7, Extractor  
  151  11:23  Drone x4  
  151  11:24  Drone x2  
  151  11:25  Spore Crawler  
  161  11:27  Spore Crawler  
  160  11:37  Zergling x6  
  160  11:38  Zergling x18  
  166  11:43  Overlord  
  159  11:56  Hydralisk x6  
  159  11:59  Baneling  
  159  12:00  Baneling x11  
  145  12:13  Hydralisk x3, Roach  
  145  12:14  Roach x3  
  130  12:26  Drone x3  
  130  12:27  Drone x2  
  133  12:30  Muscular Augments  
  133  12:31  Hydralisk x2  
  133  12:34  Corruptor  
  135  12:43  Queen  
  134  12:47  Drone x4  
  138  12:54  Hydralisk x3  
  138  12:56  Spore Crawler  
  143  13:00  Hatchery  
  143  13:04  Hive, Zerg Missile Weapons Level 2  
  143  13:05  Zerg Ground Armor Level 2  
  142  13:08  Hydralisk x4, Roach  
  142  13:09  Roach x3  
  158  13:16  Lurker x2  
  160  13:23  Corruptor  
  162  13:40  Overseer  
  162  13:46  Lurker x4  
  162  13:47  Lurker  
  167  13:52  Overlord x2  
  167  13:53  Overlord x3  
  167  14:11  Drone  
  167  14:12  Drone x10  
  167  14:13  Drone x5  
  167  14:14  Queen  
  167  14:16  Viper x3  
  191  14:18  Extractor x2  
  190  14:24  Roach x4  
  190  14:25  Roach x2  
  200  14:35  Adaptive Talons  
  200  14:41  Ultralisk Cavern  
  166  15:37  Viper x3  
  166  15:39  Ultralisk  
  166  15:40  Ultralisk x2  
  173  15:53  Hatchery  
  173  15:54  Hydralisk  
  173  15:55  Hydralisk x6  
  182  15:58  Zergling x32  
  188  16:26  Ravager x6  
  188  16:27  Hatchery  
  180  16:41  Zerg Missile Weapons Level 3  
  180  16:45  Chitinous Plating  
  177  16:48  Drone  
  177  16:53  Zergling x30  
  193  17:01  Zerg Ground Armor Level 3  
  143  17:20  Corruptor x4  
  117  17:33  Corruptor  
  117  17:34  Corruptor x2  
  117  17:36  Zergling x14  
  117  17:37  Zergling x6  
  112  17:45  Corruptor x3  
  112  17:48  Zergling x8  
  112  17:49  Zergling x2  
  110  18:08  Corruptor x5  
  119  18:14  Corruptor  
  121  18:21  Zergling x2  
  121  18:22  Zergling x18  
  121  18:26  Zerg Flyer Weapons Level 3  
  131  18:28  Zergling x2  
  131  18:29  Zergling x6  
  131  18:32  Extractor  
  131  18:33  Spore Crawler  
  131  18:34  Spore Crawler, Extractor  
  130  18:35  Spore Crawler  
  129  18:47  Corruptor x2  
  129  18:48  Corruptor x2  
  135  18:50  Hatchery  
  135  18:52  Hatchery  
  135  19:02  Drone x4  
  139  19:03  Drone x2  
  139  19:04  Drone  
  139  19:05  Drone x5  
  139  19:08  Ultralisk  
  153  19:15  Spine Crawler  
  152  19:17  Spine Crawler x2  
  152  19:18  Spine Crawler  
  149  19:24  Hydralisk x5  
  149  19:25  Hydralisk x5  
  167  19:37  Ultralisk  
  173  19:40  Hydralisk  
  173  19:41  Hydralisk  
  171  19:56  Zerg Melee Weapons Level 1  
  171  19:59  Drone  
  171  20:00  Drone x5  
  171  20:05  Extractor  
  171  20:06  Extractor  
  174  20:15  Lurker  
  174  20:16  Lurker x3  
  170  20:23  Roach x6  
  152  20:49  Roach x10  
  126  21:02  Ultralisk  
  126  21:04  Zerg Flyer Armor Level 1  
  132  21:05  Drone x3  
  132  21:09  Extractor  
  130  21:12  Hydralisk x3  
  136  21:26  Hydralisk  
  136  21:27  Hydralisk x4  
  146  21:34  Zergling x2  
  146  21:35  Zergling x8  
  146  21:39  Drone x2  
  154  21:40  Drone  
  154  21:52  Ravager x4  
  154  21:53  Ravager  
  160  21:54  Ravager  
  160  21:55  Ravager  
  160  21:56  Ravager  
  162  22:01  Hatchery  
  162  22:04  Overseer  
  120  22:40  Corruptor x2  
  120  22:41  Corruptor x3  
  131  22:44  Zergling x8  
  131  22:45  Zergling x18  
  129  23:01  Drone  
  129  23:02  Drone x6  
  129  23:05  Queen  
  134  23:07  Baneling x4  
  134  23:08  Baneling  
  134  23:09  Baneling x5  
  136  23:24  Ultralisk  
  142  23:30  Baneling x3  
  142  23:31  Baneling x8  
  142  23:32  Baneling x3  
  142  23:35  Greater Spire  
  142  23:38  Anabolic Synthesis  
  142  23:46  Roach  
  142  23:47  Roach x4  
  147  23:54  Drone x2  
  147  23:55  Drone x4  
  145  23:56  Drone  
  144  24:04  Spine Crawler  
  144  24:08  Spine Crawler  
  135  24:13  Spine Crawler x2  
  135  24:14  Drone x4  
  137  24:23  Drone  
  138  24:26  Ultralisk  
  141  24:40  Hydralisk x4  
  141  24:41  Hydralisk  
  151  24:52  Baneling x5  
  149  24:58  Hydralisk x3, Roach  
  149  24:59  Roach x5  
  148  25:10  Hydralisk x2  
  148  25:11  Roach x4  
  147  25:16  Roach x2  
  139  25:26  Roach x2  
  139  25:27  Roach x2  
  134  25:33  Corruptor  
  134  25:38  Ravager x3  
  134  25:39  Ravager x2  
  134  25:41  Zergling x8  
  141  25:57  Ravager x9  
  138  26:00  Hatchery  
  145  26:09  Zergling x2  
  145  26:10  Zergling x14  
  153  26:31  Roach x4  
  153  26:32  Roach x4  
  142  26:41  Queen  
  138  26:55  Hydralisk, Roach  
  138  26:56  Roach x7  
  138  26:58  Corruptor  
  147  27:02  Ravager x2  
  145  27:09  Zergling x4  
  145  27:10  Zergling x8  
Tags
 
Add a new tag
Caveats
  • Supply blocks, unpowered buildings, or Contaminate may cause inaccurate times.
  • Supply counts are checked every 10 seconds.